Map: HUNTERS KeSPA

Players

Cheater 7 (Insane)

  • Race: Zerg Zerg
  • Spawn Location: 3:00

Cheater 6 (Insane)

  • Race: Protoss Protoss
  • Spawn Location: 6:00

Cheater 5 (Insane)

  • Race: Protoss Protoss
  • Spawn Location: 11:00

Cheater 4 (Insane)

  • Race: Zerg Zerg
  • Spawn Location: 5:00

AllahBlast - Winner!

  • Race: Terran Terran
  • Spawn Location: 12:00

htorhL - Winner!

  • Race: Terran Terran
  • Spawn Location: 1:00

HahaTTpro - Winner!

  • Race: Zerg Zerg
  • Spawn Location: 9:00

SlideAway - Winner!

  • Race: Protoss Protoss
  • Spawn Location: 7:00

VOD

Have the link to the VOD?

Description

Time

  • Played on: April 20, 2024, 1:53 p.m.
  • Length: 12:58
Show
View Real Time Build Order
Export as new Build Order

Cheater 7 (Insane) Zerg 

Build Orders: Pool First 

Get SALT Encoding   

  12  0:01  Drone  
  13  0:11  Overlord  
  13  0:15  Drone  
  14  0:30  Drone x2  
  16  0:37  Spawning Pool  
  16  0:38  Drone  
  16  0:44  Drone  
  17  1:10  Extractor  
  16  1:16  Hatchery  
  15  1:20  Drone  
  15  1:24  Queen  
  15  1:25  Zergling x2, Drone  
  20  1:27  Extractor  
  20  1:30  Drone  
  20  1:41  Drone  
  21  1:52  Drone  
  22  2:03  Overlord  
  22  2:19  Drone, Roach Warren  
  22  2:21  Queen  
  24  2:24  Drone  
  24  2:28  Drone  
  26  2:31  Drone x3  
  26  2:35  Drone  
  30  2:39  Zergling x2  
  31  2:47  Zergling x2  
  31  2:49  Overlord  
  32  2:57  Drone  
  33  3:00  Drone  
  33  3:01  Lair  
  33  3:03  Roach  
  36  3:07  Queen, Roach  
  36  3:08  Roach  
  36  3:09  Roach  
  36  3:12  Drone, Spore Crawler  
  44  3:16  Spore Crawler  
  43  3:20  Drone  
  43  3:21  Overlord  
  44  3:30  Overlord  
  44  3:39  Zergling x2  
  44  3:40  Zergling x4, Drone  
  48  3:42  Drone x3  
  48  3:44  Drone  
  52  3:48  Roach  
  52  3:55  Roach  
  56  3:57  Overlord  
  56  4:04  Infestation Pit  
  56  4:05  Drone  
  56  4:07  Drone x2, Overlord  
  56  4:09  Overlord  
  58  4:11  Drone x2  
  58  4:16  Roach  
  62  4:17  Roach  
  64  4:33  Overlord  
  64  4:36  Overlord  
  64  4:40  Infestor  
  64  4:41  Infestor, Roach  
  64  4:42  Infestor x3  
  64  4:43  Infestor  
  64  4:44  Roach  
  80  4:48  Roach  
  82  4:54  Roach  
  82  4:55  Roach  
  86  5:05  Extractor, Drone  
  86  5:06  Drone  
  86  5:07  Baneling Nest  
  86  5:08  Zergling x2, Overlord  
  86  5:09  Zergling x2  
  86  5:11  Drone  
  86  5:12  Zergling x2, Drone  
  91  5:15  Hydralisk Den  
  91  5:17  Drone  
  91  5:18  Drone  
  92  5:27  Drone  
  93  5:28  Drone  
  94  5:36  Drone  
  94  5:37  Drone  
  94  5:38  Drone  
  94  5:39  Drone x2  
  99  5:43  Overlord  
  99  5:44  Drone  
  99  5:45  Zergling x2  
  99  5:47  Spire  
  99  5:49  Drone  
  100  5:50  Evolution Chamber  
  100  5:53  Drone  
  96  6:00  Drone, Evolution Chamber  
  96  6:04  Drone  
  97  6:05  Zergling x2, Overlord  
  97  6:06  Zergling x2  
  97  6:07  Baneling  
  97  6:08  Baneling  
  97  6:11  Evolution Chamber  
  98  6:12  Zergling x2  
  98  6:13  Baneling  
  98  6:14  Zergling x4  
  98  6:15  Drone x2, Baneling  
  98  6:16  Baneling, Metabolic Boost  
  98  6:18  Zerg Melee Weapons Level 1  
  103  6:22  Drone  
  104  6:26  Zerg Missile Weapons Level 1  
  104  6:27  Zergling x2  
  104  6:28  Spine Crawler  
  104  6:33  Drone, Hydralisk, Spine Crawler  
  104  6:34  Hydralisk  
  104  6:35  Drone  
  104  6:37  Overlord  
  109  6:40  Zerg Ground Armor Level 1, Spine Crawler  
  109  6:45  Hydralisk, Drone  
  109  6:46  Hydralisk  
  113  6:55  Zergling x4  
  113  6:56  Zergling x2  
  113  6:59  Zergling x2  
  113  7:00  Hatchery  
  88  7:03  Zergling x4  
  88  7:04  Zergling x2  
  88  7:07  Zergling x2  
  77  7:10  Zergling x2  
  67  7:16  Spore Crawler, Roach  
  67  7:17  Drone  
  67  7:18  Roach  
  67  7:20  Drone  
  67  7:21  Infestor  
  74  7:24  Spine Crawler  
  74  7:27  Overseer  
  73  7:30  Roach  
  73  7:31  Zergling x2, Infestor  
  73  7:32  Zergling x2, Hydralisk  
  73  7:34  Baneling  
  73  7:35  Baneling x2  
  79  7:37  Spore Crawler  
  79  7:40  Hydralisk  
  79  7:43  Zergling x2  
  80  7:45  Spore Crawler  
  80  7:48  Hydralisk  
  80  7:49  Drone  
  80  7:50  Roach  
  80  7:51  Zergling x2  
  81  7:52  Baneling  
  81  7:53  Baneling x2  
  81  7:55  Drone  
  82  7:58  Ravager  
  82  8:00  Zergling x6  
  82  8:03  Zergling x2  
  82  8:04  Queen, Spine Crawler  
  90  8:05  Roach  
  92  8:12  Roach  
  92  8:13  Roach  
  92  8:16  Roach  
  92  8:19  Baneling  
  95  8:20  Zergling x2, Drone  
  95  8:21  Baneling, Roach  
  95  8:22  Baneling  
  95  8:23  Drone  
  95  8:24  Drone  
  97  8:28  Drone  
  97  8:29  Zergling x4  
  98  8:34  Zergling x2  
  98  8:36  Zergling x2  
  98  8:37  Zergling x2  
  98  8:38  Zergling x2  
  97  8:42  Hive  
  97  8:43  Baneling  
  97  8:44  Hydralisk  
  97  8:45  Baneling  
  97  8:46  Baneling, Spine Crawler  
  97  8:47  Zergling x2, Baneling  
  99  8:49  Drone  
  99  8:55  Zergling x2  
  101  8:56  Mutalisk  
  101  8:57  Zergling x2, Roach  
  101  9:01  Hatchery  
  101  9:02  Drone  
  106  9:03  Mutalisk  
  106  9:06  Zergling x2  
  106  9:07  Zergling x4  
  106  9:08  Zergling x2  
  106  9:09  Baneling x2  
  99  9:11  Roach  
  99  9:12  Baneling  
  86  9:17  Roach  
  86  9:18  Zergling x2  
  86  9:21  Zergling x2  
  88  9:25  Zergling x2  
  88  9:26  Zergling x2  
  88  9:28  Zergling x2, Drone, Spore Crawler  
  88  9:29  Infestor  
  88  9:30  Roach  
  88  9:31  Hatchery  
  94  9:32  Drone, Roach  
  94  9:33  Roach  
  99  9:40  Roach  
  99  9:44  Zergling x2  
  99  9:45  Infestor  
  102  9:50  Hatchery  
  102  9:51  Zergling x2  
  101  9:53  Drone  
  101  9:54  Hydralisk, Roach  
  101  9:56  Roach  
  101  9:57  Hydralisk, Roach  
  101  9:58  Spore Crawler, Roach  
  101  9:59  Drone  
  106  10:00  Queen  
  106  10:02  Hydralisk  
  106  10:04  Ultralisk Cavern, Roach  
  106  10:06  Overseer  
  109  10:08  Drone  
  109  10:09  Baneling x2  
  109  10:10  Baneling x2  
  109  10:12  Baneling x2, Hatchery  
  109  10:13  Baneling x2  
  108  10:14  Drone  
  108  10:15  Zergling x2  
  108  10:18  Zergling x2  
  106  10:23  Zergling x2, Drone  
  106  10:24  Zergling x2, Roach  
  106  10:25  Drone, Overlord  
  106  10:26  Drone x2  
  98  10:36  Hydralisk  
  98  10:37  Drone  
  98  10:40  Queen  
  59  10:47  Zergling x2, Roach  
  55  10:51  Drone  
  55  10:52  Drone x2  
  55  10:53  Baneling x2  
  55  10:54  Baneling  
  55  10:55  Queen  
  56  10:57  Zergling x2, Extractor  
  56  10:59  Drone  
  56  11:01  Evolution Chamber  
  56  11:07  Zergling x4  
  56  11:08  Zergling x2  
  56  11:09  Zergling x2  
  56  11:10  Zergling x2, Evolution Chamber  
  56  11:12  Overseer  
  50  11:18  Spore Crawler  
  50  11:19  Hydralisk  
  50  11:21  Drone x2  
  50  11:22  Drone, Spore Crawler  
  50  11:24  Zergling x2  
  55  11:31  Zergling x2  
  47  11:41  Drone  
  47  11:42  Overseer  
  32  11:52  Zergling x2  
  25  12:18  Hatchery  
Show
View Real Time Build Order
Export as new Build Order

Cheater 6 (Insane) Protoss 

Build Orders: 1 Gate Expand 

Get SALT Encoding   

  12  0:01  Probe  
  13  0:13  Probe  
  14  0:16  Pylon  
  14  0:24  Probe  
  15  0:32  Probe  
  15  0:40  Probe  
  15  0:42  Assimilator  
  16  0:46  Gateway  
  17  0:51  Probe  
  17  0:53  Pylon  
  18  0:59  Probe  
  19  1:08  Probe  
  19  1:18  Probe  
  21  1:27  Nexus  
  21  1:30  Probe  
  22  1:35  Cybernetics Core  
  22  1:42  Probe  
  22  1:43  Zealot  
  25  1:51  Warp Gate  
  25  1:55  Gateway  
  25  2:00  Pylon  
  25  2:01  Probe  
  26  2:10  Zealot, Probe  
  26  2:14  Assimilator  
  29  2:19  Probe  
  30  2:31  Probe  
  30  2:34  Pylon  
  31  2:37  Adept  
  31  2:39  Probe  
  31  2:41  Adept  
  31  2:43  Probe  
  37  2:51  Probe  
  37  2:55  Probe  
  39  2:59  Pylon  
  39  3:04  Robotics Facility  
  39  3:07  Sentry, Probe  
  39  3:11  Adept  
  43  3:17  Forge  
  43  3:24  Adept  
  43  3:25  Probe  
  43  3:26  Probe  
  47  3:37  Probe  
  47  3:38  Probe  
  49  3:44  Gateway  
  49  3:49  Probe  
  49  3:50  Sentry, Probe  
  49  3:53  Immortal  
  55  3:55  Photon Cannon  
  55  4:00  Photon Cannon  
  55  4:02  Pylon, Probe x2  
  54  4:07  Pylon  
  55  4:12  Stalker  
  55  4:14  Probe  
  55  4:15  Probe  
  59  4:18  Robotics Facility  
  57  4:24  Immortal  
  57  4:25  Stalker  
  57  4:26  Probe  
  57  4:27  Probe  
  57  4:28  Stalker  
  57  4:30  Photon Cannon  
  66  4:38  Stalker  
  66  4:39  Probe  
  66  4:45  Pylon  
  66  4:50  Photon Cannon  
  64  5:01  Gateway  
  64  5:03  Stalker x2, Adept, Probe  
  71  5:19  Pylon  
  71  5:24  Nexus  
  67  6:00  Pylon  
Show
View Real Time Build Order
Export as new Build Order

Cheater 5 (Insane) Protoss 

Build Orders:  

Get SALT Encoding   

  12  0:01  Probe  
  13  0:13  Probe  
  14  0:19  Pylon  
  14  0:25  Probe  
  15  0:33  Probe  
  15  0:41  Probe  
  16  0:47  Gateway  
  17  0:51  Probe  
  18  0:59  Probe  
  18  1:03  Assimilator  
  19  1:06  Pylon  
  19  1:07  Probe  
  19  1:17  Probe  
  21  1:26  Gateway  
  21  1:30  Probe  
  22  1:35  Zealot  
  22  1:36  Pylon  
  22  1:38  Cybernetics Core  
  24  1:42  Probe  
  25  1:54  Probe  
  26  1:55  Zealot  
  26  1:57  Assimilator  
  26  2:06  Probe  
  29  2:15  Warp Gate, Pylon  
  29  2:16  Adept  
  29  2:18  Probe  
  29  2:19  Adept  
  34  2:30  Probe  
  35  2:42  Pylon, Probe  
  35  2:43  Nexus  
  36  2:46  Adept  
  36  2:49  Sentry  
  40  2:54  Probe  
  41  3:04  Probe  
  41  3:06  Robotics Facility  
  41  3:12  Adept, Probe  
  44  3:16  Sentry  
  47  3:21  Probe  
  47  3:39  Stalker  
  40  3:42  Stalker  
  32  3:51  Probe  
  32  3:52  Probe  
  24  4:04  Probe  
  24  4:05  Probe  
  26  4:16  Probe  
  16  4:41  Probe  
  5  4:49  Probe  
  6  5:05  Probe  
  5  5:13  Probe  
  4  5:24  Probe  
  5  5:39  Probe  
  6  6:25  Probe  
  7  6:35  Probe x2  
  9  6:43  Twilight Council  
  9  6:45  Probe  
  10  6:51  Probe  
  11  6:57  Probe  
  11  7:00  Probe  
  13  7:09  Probe  
  13  7:10  Probe  
  13  7:11  Zealot  
  17  7:18  Probe  
  18  7:59  Templar Archives  
  18  8:05  Probe  
  19  8:07  Nexus  
  19  8:30  Adept  
  21  8:35  Probe  
  21  8:36  Stalker  
  24  8:43  Stalker  
  24  8:47  Probe  
  27  8:59  Probe, Stalker  
  30  9:03  Sentry  
  32  9:11  Probe  
  30  9:21  High Templar  
  30  9:22  Probe  
  31  9:27  High Templar  
  31  9:30  Probe  
  28  9:36  Archon  
  29  9:38  Probe  
  28  9:50  Probe  
  24  9:54  High Templar  
  24  9:59  Adept  
  27  10:02  Probe  
  26  10:14  Probe  
  26  10:19  Zealot  
  29  10:22  Gateway  
  29  10:25  Probe  
  29  10:26  Stalker  
  30  10:33  Probe  
  30  10:41  Probe  
  30  10:52  Probe  
  31  11:04  Zealot, Probe  
  31  11:14  Zealot  
  31  11:17  Zealot, Probe  
  24  11:25  High Templar  
  26  11:28  Probe  
  25  11:36  Probe  
  25  11:44  Probe  
  26  11:52  Zealot  
  29  11:55  Probe  
  29  12:00  Zealot  
  32  12:01  Adept  
  32  12:05  Archon  
  32  12:06  Archon  
  32  12:07  Probe  
  35  12:12  Zealot  
  37  12:19  Probe  
  37  12:20  Zealot  
  20  12:27  Adept  
  19  12:31  Probe  
  19  12:32  Zealot  
  14  12:38  Forge  
  14  12:40  Zealot  
Show
View Real Time Build Order
Export as new Build Order

Cheater 4 (Insane) Zerg 

Build Orders: Pool First 

Get SALT Encoding   

  12  0:01  Drone  
  13  0:12  Overlord  
  13  0:16  Drone  
  14  0:30  Drone x2  
  16  0:39  Spawning Pool  
  16  0:40  Drone  
  16  0:44  Drone  
  17  1:08  Hatchery  
  17  1:09  Drone x2  
  17  1:10  Extractor  
  17  1:16  Drone  
  18  1:27  Drone  
  18  1:29  Queen  
  21  1:38  Overlord  
  21  1:49  Zergling x2  
  22  1:59  Drone  
  23  2:02  Roach Warren  
  23  2:05  Queen  
  24  2:10  Drone  
  25  2:20  Drone  
  25  2:21  Drone  
  27  2:31  Zergling x2, Drone  
  27  2:36  Zergling x2, Drone, Overlord  
  31  2:41  Drone  
  31  2:43  Drone  
  33  2:52  Drone  
  33  2:54  Drone, Spore Crawler, Queen  
  33  2:56  Spore Crawler  
  35  3:03  Drone  
  35  3:04  Roach  
  38  3:08  Roach x2, Overlord  
  42  3:13  Overlord  
  42  3:16  Overlord  
  42  3:24  Roach  
  44  3:27  Drone  
  45  3:35  Drone  
  45  3:37  Roach x3  
  45  3:39  Extractor, Roach  
  53  3:44  Drone, Roach, Overlord  
  53  3:46  Overlord  
  56  3:49  Drone  
  57  3:58  Drone  
  57  4:00  Drone  
  59  4:05  Roach  
  59  4:06  Roach x2  
  59  4:08  Overlord  
  65  4:11  Drone  
  65  4:15  Drone, Overlord  
  65  4:16  Roach  
  69  4:18  Lair  
  69  4:20  Roach  
  69  4:22  Roach  
  73  4:30  Roach  
  75  4:33  Roach  
  75  4:34  Drone x2  
  75  4:35  Drone  
  80  4:41  Drone  
  80  4:44  Drone, Roach, Ravager  
  80  4:45  Roach, Overlord  
  87  4:53  Zergling x2  
  87  4:55  Drone  
  89  5:03  Zergling x2, Overlord  
  89  5:04  Ravager  
  89  5:05  Drone, Roach, Ravager  
  89  5:06  Ravager  
  96  5:07  Drone  
  96  5:13  Drone, Overlord  
  96  5:14  Zergling x2  
  99  5:15  Overlord  
  99  5:18  Overlord  
  99  5:25  Extractor  
  99  5:26  Zergling x2  
  99  5:29  Roach  
  99  5:31  Zergling x2  
  99  5:32  Zergling x2, Drone, Hydralisk Den  
  102  5:37  Drone, Evolution Chamber  
  102  5:41  Zergling x4, Evolution Chamber  
  102  5:42  Zergling x2  
  93  5:43  Zergling x2  
  93  5:46  Evolution Chamber  
  93  5:48  Hatchery  
  93  5:49  Drone  
  71  5:51  Drone  
  60  6:01  Zergling x4  
  60  6:02  Hydralisk  
  60  6:03  Queen  
  63  6:04  Roach  
  63  6:05  Infestation Pit, Roach  
  63  6:07  Ravager  
  67  6:14  Spine Crawler  
  67  6:15  Drone  
  67  6:16  Hatchery  
  66  6:18  Spine Crawler  
  66  6:25  Drone  
  66  6:26  Ravager  
  66  6:28  Roach  
  66  6:29  Roach x2  
  73  6:36  Roach  
  75  6:48  Roach  
  70  6:55  Baneling Nest  
  70  6:56  Hydralisk  
  70  6:57  Infestor  
  70  6:58  Drone  
  70  6:59  Zergling x2  
  70  7:00  Zergling x2  
  59  7:09  Hydralisk  
  59  7:10  Overseer, Hydralisk  
  63  7:20  Hydralisk  
  63  7:21  Drone  
  66  7:26  Zergling x4  
  66  7:27  Roach  
  66  7:28  Roach  
  67  7:30  Extractor  
  67  7:32  Zergling x2  
  67  7:38  Infestor  
  67  7:39  Baneling x2  
  67  7:40  Hatchery  
  67  7:43  Zergling x2  
  67  7:49  Hydralisk  
  69  7:52  Baneling  
  69  7:53  Zergling x2  
  69  7:54  Zergling x2  
  69  7:55  Zergling x4  
  69  7:56  Baneling x2  
  69  7:57  Baneling  
  73  8:00  Zergling x2  
  73  8:05  Zergling x2  
  75  8:11  Zergling x2  
  76  8:15  Extractor  
  76  8:16  Drone  
  76  8:18  Baneling  
  70  8:21  Hydralisk  
  70  8:23  Zergling x4  
  70  8:24  Roach  
  68  8:27  Zergling x2, Spore Crawler  
  68  8:32  Infestor  
  68  8:33  Spine Crawler  
  59  8:35  Overseer  
  59  8:38  Infestor  
  61  8:41  Spore Crawler  
  61  8:43  Baneling  
  55  8:49  Zergling x2  
  55  8:51  Drone  
  55  8:52  Roach  
  55  8:53  Zergling x2, Baneling  
  58  9:00  Drone  
  57  9:05  Overseer  
  57  9:06  Baneling  
  53  9:11  Drone  
  50  9:20  Zergling x2, Infestor  
  50  9:21  Zergling x2  
  50  9:23  Zergling x2  
  47  9:37  Baneling  
  26  9:46  Hatchery  
  21  10:06  Hatchery  
  17  10:18  Extractor  
Show
View Real Time Build Order
Export as new Build Order

AllahBlast Terran - Winner!

Build Orders: 2 Factory 

Get SALT Encoding   

  12  0:01  SCV  
  13  0:13  SCV  
  14  0:23  Supply Depot  
  14  0:26  SCV  
  15  0:45  SCV  
  15  0:47  Barracks  
  16  0:51  Refinery  
  16  0:56  Refinery  
  16  0:57  SCV  
  17  1:09  SCV  
  18  1:21  SCV  
  19  1:33  SCV  
  19  1:36  Supply Depot  
  19  1:38  Marine  
  21  1:43  Factory  
  21  1:48  Orbital Command  
  21  2:11  Factory  
  21  2:16  SCV  
  22  2:28  Factory Tech Lab, SCV  
  23  2:40  SCV  
  24  2:58  Siege Tank  
  27  2:59  Factory Tech Lab  
  25  3:09  Marine  
  25  3:13  SCV  
  25  3:25  SCV  
  25  3:30  Siege Tank  
  28  3:37  SCV  
  29  3:41  Siege Tank  
  32  3:49  SCV  
  33  4:03  Siege Tank  
  33  4:08  SCV  
  37  4:13  Supply Depot  
  37  4:21  SCV, Engineering Bay  
  33  4:45  Siege Tank x2  
  39  4:54  Supply Depot  
  39  4:57  Missile Turret  
  39  5:00  Missile Turret  
  39  5:05  SCV  
  40  5:09  Supply Depot  
  40  5:17  SCV  
  41  5:29  Siege Tank  
  41  5:34  SCV  
  45  5:43  Siege Tank  
  48  5:55  SCV  
  49  6:05  Missile Turret  
  49  6:09  Siege Tank  
  52  6:17  Supply Depot  
  52  6:33  Siege Tank  
  55  6:41  Siege Tank  
  57  7:05  Siege Tank  
  60  7:19  Siege Tank  
  63  7:44  Siege Tank  
  66  7:51  Command Center  
  66  8:14  Siege Tank  
  69  8:32  Missile Turret x2  
  69  8:34  Siege Tank  
  72  8:44  Command Center  
  72  8:47  SCV  
  73  8:53  Missile Turret  
  73  9:15  Orbital Command  
  73  9:19  Armory  
  73  9:33  SCV  
  74  9:41  Command Center  
  74  10:04  SCV  
  74  10:05  SCV  
  77  10:08  Orbital Command  
  77  10:14  Missile Turret  
  76  10:16  SCV  
  76  10:17  SCV  
  78  10:28  Terran Vehicle Weapons Level 1  
  78  10:30  Armory  
  78  10:33  Missile Turret  
  78  10:38  SCV  
  78  10:39  SCV x2  
  81  10:50  SCV  
  81  10:51  SCV x2  
  84  10:57  Thor  
  84  11:03  Orbital Command  
  90  11:07  SCV x2  
  90  11:08  SCV  
  92  11:21  SCV  
  92  11:22  SCV x2  
  95  11:27  Thor  
  95  11:32  Refinery  
  101  11:33  SCV  
  101  11:37  SCV x3  
  105  11:45  Missile Turret, SCV  
  106  11:50  Thor  
  112  12:06  SCV x4, Refinery  
  116  12:20  Factory  
  116  12:21  Factory  
  122  12:38  Missile Turret  
Show
View Real Time Build Order
Export as new Build Order

htorhL Terran - Winner!

Build Orders: Command Center First, Mech 

Get SALT Encoding   

  12  0:01  SCV  
  13  0:14  SCV  
  14  0:19  Supply Depot  
  14  0:35  SCV  
  14  0:42  Refinery  
  15  1:03  Command Center  
  15  1:07  SCV  
  16  1:17  Engineering Bay  
  16  1:22  SCV  
  17  1:35  SCV  
  18  1:42  Refinery  
  18  1:47  SCV  
  19  2:00  SCV  
  20  2:03  Barracks  
  20  2:12  SCV  
  21  2:19  Planetary Fortress  
  21  2:24  SCV  
  22  2:36  SCV  
  23  2:43  Supply Depot  
  23  2:54  Bunker  
  23  2:56  Marine  
  23  2:57  SCV  
  25  3:02  SCV  
  26  3:09  SCV  
  26  3:10  Factory  
  27  3:13  Marine  
  27  3:15  SCV  
  29  3:22  SCV  
  30  3:30  Sensor Tower  
  30  3:32  Marine  
  30  3:34  SCV  
  32  3:45  Factory  
  32  3:46  Orbital Command, SCV  
  33  3:57  Engineering Bay  
  33  4:04  Engineering Bay  
  33  4:09  SCV  
  34  4:11  Marine  
  35  4:18  SCV  
  35  4:21  SCV  
  35  4:23  Factory Tech Lab  
  37  4:29  Refinery  
  37  4:30  SCV  
  38  4:38  Engineering Bay  
  38  4:42  Factory Tech Lab  
  38  4:46  Factory  
  38  4:51  Hi-Sec Auto Tracking  
  38  4:54  SCV  
  39  5:00  Supply Depot  
  39  5:03  Siege Tank x2  
  39  5:06  SCV  
  46  5:14  Supply Depot  
  46  5:22  SCV  
  46  5:23  Supply Depot  
  47  5:33  Command Center  
  48  5:35  SCV  
  46  6:05  Refinery  
  46  6:18  Siege Tank x2  
  46  6:22  Factory Tech Lab  
  52  6:32  Marine  
  53  6:50  Siege Tank, Marine  
  56  7:11  SCV  
  56  7:14  Orbital Command  
  60  7:15  Siege Tank x2  
  63  7:22  Siege Tank  
  63  7:23  SCV  
  67  7:36  SCV  
  68  7:47  Siege Tank  
  68  7:48  Barracks, Siege Tank, SCV  
  75  7:55  Siege Tank  
  78  8:00  SCV  
  79  8:11  Supply Depot  
  79  8:15  Marine  
  80  8:33  Marine  
  81  8:34  Supply Depot  
  81  8:37  Barracks  
  81  8:51  Marine  
  81  8:53  Terran Infantry Weapons Level 1  
  82  8:58  Supply Depot  
  82  9:05  Siege Tank x3  
  82  9:07  Barracks Tech Lab  
  90  9:30  Barracks Tech Lab  
  90  9:37  Siege Tank x2  
  96  9:45  Barracks Tech Lab  
  90  10:49  Marine  
  90  10:50  Marine x2  
  90  10:52  Combat Shield  
  90  10:53  Stimpack  
  93  11:02  Supply Depot  
  93  11:04  Supply Depot, Starport  
  93  11:07  Marine  
  93  11:08  Marine x2  
  96  11:25  Supply Depot, Marine  
  96  11:26  Marine x2  
  96  11:28  Supply Depot  
  99  11:38  Orbital Command  
  99  11:40  Starport  
  99  11:43  Marine x3  
  102  11:48  Supply Depot  
  102  11:52  Supply Depot  
  102  12:01  Marine x3  
  105  12:10  Armory  
  105  12:13  Supply Depot  
  105  12:14  Starport Reactor  
  105  12:16  Supply Depot  
  105  12:36  Supply Depot  
Show
View Real Time Build Order
Export as new Build Order

HahaTTpro Zerg - Winner!

Build Orders: Pool First 

Get SALT Encoding   

  12  0:02  Drone  
  13  0:16  Overlord  
  13  0:18  Drone  
  14  0:25  Extractor  
  13  0:42  Drone, Spawning Pool  
  13  0:56  Overlord  
  13  1:29  Drone x3  
  16  1:41  Drone  
  16  1:42  Queen  
  19  2:05  Drone x2  
  21  2:08  Extractor  
  20  2:17  Hatchery  
  19  2:23  Queen  
  19  2:24  Overlord  
  19  2:25  Overlord  
  21  2:43  Drone  
  22  3:00  Zergling x8  
  26  3:12  Roach Warren  
  26  3:27  Zergling x4  
  27  3:39  Drone  
  28  3:45  Drone  
  27  4:14  Drone x5  
  32  4:26  Roach  
  32  4:27  Roach x5  
  32  4:30  Lair  
  44  4:34  Pneumatized Carapace  
  44  4:36  Drone x2  
  46  4:57  Zergling x2  
  46  4:58  Zergling x2  
  48  5:10  Drone x2  
  48  5:12  Drone x2  
  52  5:14  Overlord  
  37  6:05  Roach  
  37  6:06  Roach x3  
  45  6:17  Roach  
  47  6:20  Roach  
  47  6:21  Roach x2  
  53  6:33  Evolution Chamber  
  53  6:34  Glial Reconstitution  
  53  6:37  Metabolic Boost  
  40  7:57  Roach x5  
  40  7:58  Roach  
  52  8:00  Zergling x6  
  42  8:48  Zergling x2  
  42  8:49  Roach x4  
  42  8:50  Roach  
  53  8:55  Drone  
  53  8:56  Drone x2  
  53  8:58  Zerg Ground Armor Level 1  
  53  8:59  Tunneling Claws  
  53  9:01  Zergling x2  
  57  9:06  Queen  
  55  9:57  Spore Crawler  
  54  10:05  Spire  
  53  10:10  Hydralisk Den  
  53  10:12  Drone  
  53  10:13  Drone x2  
  55  10:15  Drone x2  
  55  10:16  Drone x3  
  60  10:44  Overlord x3  
  60  11:07  Evolution Chamber  
  59  11:11  Muscular Augments  
  59  11:54  Mutalisk x3  
  59  11:59  Mutalisk x6  
  59  12:00  Mutalisk  
  79  12:08  Drone  
  80  12:12  Extractor  
Show
View Real Time Build Order
Export as new Build Order

SlideAway Protoss - Winner!

Build Orders:  

Get SALT Encoding   

  12  0:00  Probe  
  13  0:12  Probe  
  14  0:24  Probe  
  15  0:29  Pylon  
  15  0:47  Probe (Chrono Boost)  
  15  0:48  Gateway  
  16  0:52  Assimilator  
  16  0:53  Assimilator  
  17  0:58  Probe (Chrono Boost)  
  17  1:06  Probe (Chrono Boost), Pylon  
  18  1:18  Probe (Chrono Boost)  
  19  1:24  Probe (Chrono Boost)  
  20  1:32  Probe  
  20  1:36  Cybernetics Core  
  21  1:44  Probe  
  22  1:56  Probe  
  23  2:08  Probe  
  23  2:13  Stargate  
  23  2:15  Stargate  
  24  2:18  Adept  
  26  2:27  Pylon  
  30  3:06  Void Ray (Chrono Boost)  
  28  3:16  Void Ray (Chrono Boost)  
  32  3:21  Nexus  
  32  3:25  Pylon  
  32  3:29  Probe  
  33  3:48  Probe  
  38  3:49  Void Ray  
  38  4:00  Probe  
  39  4:05  Assimilator  
  39  4:12  Probe  
  39  4:16  Void Ray  
  44  4:26  Probe  
  45  4:36  Probe  
  46  4:46  Void Ray (Chrono Boost)  
  46  4:48  Probe  
  46  4:49  Probe  
  48  4:54  Pylon  
  48  4:57  Forge  
  48  5:00  Probe  
  53  5:09  Void Ray (Chrono Boost)  
  53  5:10  Probe  
  58  5:30  Probe x2  
  58  5:33  Void Ray  
  60  5:37  Photon Cannon  
  60  5:54  Pylon, Probe  
  66  5:57  Probe  
  66  5:58  Void Ray  
  66  6:04  Protoss Air Weapons Level 1 (Chrono Boost)  
  66  6:06  Probe  
  66  6:09  Probe  
  72  6:20  Void Ray  
  72  6:23  Probe  
  72  6:25  Probe  
  74  6:30  Pylon x2  
  74  6:35  Probe  
  74  6:37  Probe  
  76  6:54  Void Ray  
  80  7:01  Pylon  
  80  7:07  Nexus  
  80  7:10  Probe  
  81  7:18  Probe  
  81  7:20  Protoss Shields Level 1 (Chrono Boost)  
  81  7:22  Void Ray, Probe  
  87  7:23  Fleet Beacon  
  87  7:29  Pylon  
  87  7:31  Probe  
  87  7:34  Probe  
  89  7:42  Stargate  
  89  7:45  Probe  
  90  7:53  Probe  
  90  7:54  Nexus  
  90  7:57  Probe  
  92  8:05  Assimilator, Probe  
  93  8:13  Assimilator, Probe  
  93  8:15  Assimilator  
  93  8:19  Protoss Air Weapons Level 2 (Chrono Boost)  
  94  8:24  Probe  
  94  8:26  Probe x2  
  101  8:29  Void Ray  
  101  8:36  Probe  
  107  8:41  Probe  
  107  8:46  Void Ray  
  107  8:47  Pylon  
  107  8:51  Pylon  
  107  8:53  Flux Vanes  
  107  8:54  Pylon  
  107  9:04  Probe  
  107  9:05  Probe x2  
  107  9:09  Probe  
  111  9:24  Probe  
  116  9:25  Probe  
  116  9:27  Probe  
  116  9:28  Void Ray  
  126  9:35  Void Ray x2  
  126  9:36  Probe  
  126  9:37  Probe  
  128  9:38  Probe  
  129  9:58  Probe  
  129  9:59  Stargate x2  
  130  10:00  Probe x2  
  130  10:01  Probe  
  137  10:11  Void Ray  
  141  10:18  Void Ray  
  141  10:27  Protoss Air Weapons Level 3 (Chrono Boost)  
  145  10:32  Pylon x2  
  145  10:33  Void Ray  
  145  10:34  Pylon  
  145  10:35  Pylon  
  145  10:48  Pylon  
  149  10:50  Void Ray  
  149  10:51  Nexus  
  149  11:05  Nexus  
  149  11:08  Void Ray, Assimilator  
  149  11:09  Assimilator  
  149  11:10  Void Ray x2  
  145  11:15  Pylon  
  141  11:25  Assimilator  
  141  11:26  Void Ray  
  141  11:30  Pylon  
  145  11:33  Void Ray  
  145  11:43  Twilight Council  
  153  12:04  Void Ray x3  
  157  12:13  Void Ray  
Tags
 
Add a new tag
Caveats
  • Supply blocks, unpowered buildings, or Contaminate may cause inaccurate times.
  • Supply counts are checked every 10 seconds.